 Dungeon Crawl Stone Soup version 0.17.0-28-g6e173f8 (console) character file.

3089 Kloppie the Fighter (level 9, -8/85 HPs)
             Began as a Minotaur Fighter on Nov 29, 2015.
             Mangled by Erica
             ... wielding a +1 scimitar of flaming
              (14 damage)
             ... on level 7 of the Dungeon.
             The game lasted 00:09:45 (6165 turns).

Kloppie the Fighter (Minotaur Fighter)              Turns: 6165, Time: 00:09:45

Health: -8/85      AC: 11    Str: 21    XL:     9   Next: 59%
Magic:  0/8        EV: 12    Int:  5    God:
Gold:   257        SH: 10    Dex: 22    Spells: 0 memorised, 8 levels left

rFire  . . .     SeeInvis .     a - +0 war axe
rCold  . . .     Clarity  .     b - +0 scale mail
rNeg   . . .     SustAt   .     c - +0 shield
rPois  .         Gourm    .     (helmet restricted)
rElec  .         Spirit   +     L - +0 cloak
rCorr  .         Warding  .     t - +0 pair of gloves
rMut   .         Stasis   .     (no boots)
MR     .....                    x - amulet of guardian spirit
Stlth  ++........               (no ring)
                                y - +4 ring of dexterity

@: agile, lethally poisoned (-8 -> -11), slowed, very slow, not resistant to
hostile enchantments, unstealthy
A: retaliatory headbutt, horns 2
a: no special abilities


You were on level 7 of the Dungeon.
You were hungry.

You visited 2 branches of the dungeon, and saw 9 of its levels.

You collected 257 gold pieces.

Inventory:

Hand Weapons
 a - a +0 war axe (weapon)
Armour
 b - a +0 scale mail (worn)
 c - a +0 shield (worn)
 g - a +0 chain mail
 t - a +0 pair of gloves (worn)
 A - a +0 plate armour
 L - a +0 cloak (worn)
Jewellery
 w - an uncursed amulet of resist corrosion
 x - an amulet of guardian spirit (around neck)
 y - a +4 ring of dexterity (left hand)
 D - a +2 ring of dexterity
Wands
 F - a wand of enslavement (4)
 G - a wand of enslavement (11)
 K - a wand of enslavement (11)
Scrolls
 f - 12 scrolls of identify {unknown}
 h - 3 scrolls of amnesia {unknown}
 i - 2 scrolls of recharging {unknown}
 m - 2 scrolls of teleportation {unknown}
 n - a scroll of random uselessness {unknown}
 o - a scroll of enchant weapon {unknown}
 q - 2 scrolls of noise {unknown}
 r - 3 scrolls of immolation {unknown}
 B - 3 scrolls of remove curse {unknown}
 I - 2 scrolls of enchant armour {unknown}
Potions
 d - 2 potions of might
 k - 2 potions of mutation {unknown}
 l - a potion of degeneration {unknown}
 s - a potion of poison {unknown}
 v - 2 potions of resistance
 z - a potion of berserk rage {unknown}
 E - a potion of curing {unknown}
 H - 2 potions of cancellation {unknown}
Books
 J - a book of Clouds

   Spells                             Type                      Level
   a - Mephitic Cloud                 Conjuration/Poison/Air       3
   b - Conjure Flame                  Conjuration/Fire             3
   c - Poisonous Cloud                Conjuration/Poison/Air       6
   d - Freezing Cloud                 Conjuration/Ice/Air          6
   e - Ring of Flames                 Charms/Fire                  7
Comestibles
 e - 4 bread rations
 j - a beef jerky
 p - 2 meat rations
 u - 8 fruits
 M - 6 chunks of flesh


   Skills:
 - Level 10.0 Fighting
 - Level 10.0 Axes
 + Level 9.5 Armour
 - Level 3.6 Shields


You had 8 spell levels left.
You didn't know any spells.

Dungeon Overview and Level Annotations

Branches:
Dungeon (8/15)             Temple (1/1) D:5
   Lair: D:8-11

Altars:
Ashenzari
Cheibriados
Dithmenos
Fedhas
Gozag
Kikubaaqudgha
Makhleb
Nemelex Xobeh
Okawaru
Qazlal
Ru
Sif Muna
Trog
Vehumet
Xom
Yredelemnul
Zin

Shops:
D:4 [   D:8 *

Annotations:
D:7 Erica
D:8 Grum


Innate Abilities, Weirdness & Mutations

You reflexively headbutt those who attack you in melee.
You have a pair of horns on your head.


Message History

Drink which item? (? for menu, Esc to quit)
You feel agile all of a sudden.
You feel sick. Something hits you.
* * * LOW HITPOINT WARNING * * *
Something burns you.
* * * LOW HITPOINT WARNING * * *
You hear some strange, mumbled words.
You are confused.
You slash something!
You feel sick. Something hits you but does no damage.
Your shield and scale mail prevent you from hitting something.
You headbutt something!
You feel sick. Something hits you but does no damage. Something hits you.
* * * LOW HITPOINT WARNING * * *
Something burns you.
You feel sick.
You see here a short sword.
You barely miss something. You headbutt something.
You feel less confused.
You feel sick. Something hits you!
You die...

.....#.#.#####.#.....####.##.#
.###.#.#.##.##.#..........##.#
.......#.##...........######.####
####................)[...........
.........#####.#.............####
####.#............############ #
#.##..#######>##
####.##..#######.# ##
...............[@# #.
####.########..### #) .....#
#.....# #. ###### #.....# #.
###########.....# #)
................# #.
.##########.....# #.
.........#####.## #. .#######.#
#...# #[


There were no monsters in sight!

Vanquished Creatures
  The ghost of Kloppie the Sneak, an amateur NaEn (D:5)
  2 wolves
  A water moccasin (D:6)
  An orc warrior (D:7)
  Duvessa (D:6)
  A phantom (D:7)
  A necrophage (D:6)
  2 centaurs (D:5)
  An ogre (D:7)
  5 giant frogs
  Blork the orc (D:6)
  Dowan (D:6)
  5 killer bees (D:7)
  A water moccasin skeleton (D:6)
  A scorpion (D:7)
  2 crimson imps
  3 hounds
  6 orc wizards
  Crazy Yiuf (D:7)
  4 orc priests
  A giant frog skeleton (D:5)
  A gnoll shaman (D:7)
  8 worker ants
  Natasha (thrice) (D:2)
  A killer bee zombie (D:8)
  2 iguanas
  A hound zombie (D:5)
  5 gnolls (D:7)
  2 hound skeletons
  A worker ant zombie (D:7)
  9 adders
  A shadow imp (D:7)
  An ooze (D:2)
  A worm (D:2)
  9 giant geckos
  21 orcs
  A ball python (D:1)
  2 giant cockroaches
  11 hobgoblins
  3 jackals (D:2)
  5 kobolds
  5 quokkas
  5 bats
  5 giant newts
  9 goblins
  A quokka skeleton (D:7)
  6 rats
161 creatures vanquished.

Notes
Turn   | Place    | Note
--------------------------------------------------------------
     0 | D:1      | Kloppie the Minotaur Fighter began the quest for the Orb.
     0 | D:1      | Reached XP level 1. HP: 19/19 MP: 0/0
   125 | D:1      | Reached skill level 4 in Fighting
   151 | D:1      | Reached XP level 2. HP: 27/27 MP: 1/1
   761 | D:2      | Found a shimmering altar of Xom.
   764 | D:2      | Found a shimmering altar of Xom.
   765 | D:2      | Found a shimmering altar of Xom.
   811 | D:2      | Reached XP level 3. HP: 34/34 MP: 2/2
  1030 | D:2      | Noticed Natasha
  1036 | D:2      | Killed Natasha
  1036 | D:2      | Reached skill level 5 in Fighting
  1036 | D:2      | Reached XP level 4. HP: 29/42 MP: 3/3
  1041 | D:2      | Found a bloodstained altar of Trog.
  1149 | D:2      | Noticed Natasha
  1158 | D:2      | Killed Natasha
  1280 | D:2      | Found a sparkling altar of Nemelex Xobeh.
  1303 | D:2      | Noticed Natasha
  1305 | D:2      | Killed Natasha
  2000 | D:3      | Reached XP level 5. HP: 49/49 MP: 4/4
  2381 | D:4      | Reached skill level 6 in Fighting
  2381 | D:4      | Reached skill level 5 in Axes
  2617 | D:4      | Found Urhe's Antique Armour Boutique.
  2655 | D:4      | Reached XP level 6. HP: 48/58 MP: 5/5
  2781 | D:4      | You fall through a shaft!
  2781 | D:5      | Entered Level 5 of the Dungeon
  2924 | D:5      | Noticed Kloppie's ghost (amateur NaEn)
  3004 | D:4      | Reached skill level 7 in Fighting
  3343 | D:5      | Killed Kloppie's ghost
  3343 | D:5      | Reached XP level 7. HP: 60/67 MP: 6/6
  3423 | D:5      | Reached skill level 8 in Fighting
  3663 | D:5      | Found a staircase to the Ecumenical Temple.
  3948 | D:6      | Found an iron altar of Okawaru.
  4007 | D:6      | Reached XP level 8. HP: 77/77 MP: 7/7
  4038 | D:6      | Reached skill level 9 in Fighting
  4112 | D:6      | Noticed Duvessa
  4113 | D:6      | Noticed Dowan
  4119 | D:6      | Killed Duvessa
  4127 | D:6      | Killed Dowan
  4138 | D:6      | Noticed Blork the orc
  4155 | D:6      | Killed Blork the orc
  4228 | D:6      | Found a burning altar of Makhleb.
  4557 | Temple   | Entered the Ecumenical Temple
  4754 | D:7      | Reached skill level 10 in Fighting
  4827 | D:7      | Found a blossoming altar of Fedhas.
  4875 | D:7      | Found a deep blue altar of Sif Muna.
  4935 | D:7      | Noticed Crazy Yiuf
  4944 | D:7      | Killed Crazy Yiuf
  4944 | D:7      | Reached skill level 10 in Axes
  5029 | D:7      | Reached skill level 5 in Armour
  5040 | D:7      | Reached XP level 9. HP: 66/85 MP: 6/8
  5407 | D:7      | Found a shadowy altar of Dithmenos.
  5753 | D:8      | Found Gutiohina's General Store.
  5754 | D:8      | Noticed Erica
  5757 | D:8      | Noticed Grum
  6165 | D:7      | Mangled by Erica

Action                   |  1- 3 |  4- 6 |  7- 9 || total
-------------------------+-------+-------+-------++-------
Melee: War axe           |    82 |   166 |   268 ||   516
  Use: Potion            |       |     1 |     1 ||     2
  Eat: Chunk             |     1 |     7 |     9 ||    17
